 Dungeon Crawl Stone Soup version 0.28.0-53-g5a82cb258f (webtiles) character file.

Game seed: 6814140118762693288

263 bnorton916 the Magician (level 5, 0/28 HPs)
             Began as a Deep Elf Fire Elementalist on June 8, 2022.
             Slain by a water moccasin skeleton (6 damage)
             ... on level 4 of the Dungeon.
             The game lasted 00:02:57 (4032 turns).

bnorton916 the Magician (DEFE)                      Turns: 4032, Time: 00:02:57

Health: 0/28       AC:  2    Str:  5    XL:     5   Next: 97%
Magic:  8/14       EV: 12    Int: 22    God:
Gold:   89         SH:  0    Dex: 15    Spells: 13/14 levels left

rFire   . . .      SeeInvis .   (no weapon)
rCold   . . .      Faith    .   (no shield)
rNeg    . . .      Spirit   .   a - +0 robe
rPois   .          Reflect  .   (no helmet)
rElec   .          Harm     .   (no cloak)
rCorr   .          Rampage  .   (no gloves)
Will    .....                   (no boots)
Stlth   ++........              (no amulet)
HPRegen 0.09/turn               (no ring)
MPRegen 0.14/turn               (no ring)

@: no status effects
A: no striking features
a: no special abilities


You were on level 4 of the Dungeon.
You visited 1 branch of the dungeon, and saw 4 of its levels.

You collected 89 gold pieces.

Inventory:

Hand Weapons
 d - a +2 short sword of draining
Missiles
 c - 113 stones
 j - 6 poisoned darts
Armour
 a - a +0 robe (worn)
Scrolls
 b - a scroll of holy word {unknown}
 e - a scroll of immolation {unknown}
 g - 2 scrolls of blinking {unknown}
 h - a scroll of noise {unknown}
 i - 2 scrolls of teleportation {unknown}
 k - a scroll of identify {unknown}
 m - a scroll of magic mapping {unknown}
 n - a scroll of fog {unknown}
Potions
 f - a potion of heal wounds {unknown}
 l - a potion of cancellation {unknown}
 o - a potion of might {unknown}


   Skills:
 - Level 2.4 Dodging
 - Level 2.4 Stealth
 + Level 5.4 Spellcasting
 + Level 3.7 Conjurations
 + Level 5.0 Fire Magic


You had 13 spell levels left.
You knew the following spells:

 Your Spells              Type           Power      Damage    Failure   Level
a - Foxfire               Conj/Fire      100%       2x1d9     1%          1

Your spell library contained the following spells:

 Spells                   Type           Power      Damage    Failure   Level
 Scorch                   Fire           56%        2d7       1%          2
 Conjure Flame            Conj/Fire      25%        6-21      4%          3
 Inner Flame              Hex/Fire       17%        N/A       11%         3
 Flame Wave               Conj/Fire      25%        2d7       16%         4
 Summon Guardian Golem    Hex/Summ       5%         N/A       28%         3
 Orb of Destruction       Conj           11%        9d6       100%        7
 Spellforged Servitor     Conj/Summ      7%         N/A       100%        7


Dungeon Overview and Level Annotations

Branches:
Dungeon (4/15)
 Temple: D:4-7

Altars:
Elyvilon

Shops:
D:1 ([(*


Message History

The foxfire hits Menkaure.
Menkaure is burned terribly!
Menkaure is heavily damaged.
Casting: Foxfire (safe; 2% risk of failure)
Confirm with . or Enter, or press ? or * to list all spells.
You conjure some foxfire!
The foxfire hits Menkaure.
Menkaure is heavily damaged.
Menkaure casts a spell at you. Pain shoots through your body!
The foxfire hits Menkaure.
Menkaure is burned terribly!
Menkaure is heavily damaged.
Menkaure giggles, "These cerements are ticklish..."
Menkaure calls on the powers of darkness!
Your body is wracked with pain!
Casting: Foxfire (safe; 2% risk of failure)
Confirm with . or Enter, or press ? or * to list all spells.
You conjure some foxfire!
The foxfire hits Menkaure.
Menkaure is burned terribly!
Menkaure is almost destroyed.
Menkaure calls on the powers of darkness!
Your body is wracked with pain!
* * * LOW HITPOINT WARNING * * *
The foxfire hits Menkaure but does no damage.
Menkaure is almost destroyed.
The foxfire hits Menkaure.
Menkaure is burned terribly!
Menkaure is almost destroyed.
Menkaure calls on the powers of darkness!
Your body is wracked with pain!
* * * LOW HITPOINT WARNING * * *
Casting: Foxfire (safe; 2% risk of failure)
Confirm with . or Enter, or press ? or * to list all spells.
You conjure some foxfire!
The foxfire hits Menkaure!
Menkaure is burned terribly!
You destroy Menkaure!
Your Spellcasting skill increases to level 5!
Your Fire Magic skill increases to level 5!
You have reached level 5!
Your foxfire dissipates!
A water moccasin skeleton comes into view.
The water moccasin skeleton bites you.
You die...

##########.#
#..........#
#.########## #.#
#.# #.###.##
#......#
#########Z.######
......#..@....)..
#..........###
#..#.......#
#)....#.......
...^.#.!.#....##.
####...?.###..#
.........# ..#
...!##...# ###
.##. ....ยง


You could see a water moccasin skeleton.

Vanquished Creatures
  Menkaure (D:4)
  A hound skeleton (D:4)
  A gnoll (D:1)
  4 adders (D:2)
  An adder skeleton (D:4)
  2 dart slugs
  2 orcs
  3 ball pythons
  4 endoplasms
  3 giant cockroaches
  5 hobgoblins
  9 jackals
  4 quokkas
  5 bats
  2 frilled lizards
  8 goblins
  3 kobolds
  6 rats
64 creatures vanquished.

Vanquished Creatures (collateral kills)
  3 foxfires (D:1)
3 creatures vanquished.

Vanquished Creatures (others)
  294 foxfires
294 creatures vanquished.

Grand Total: 361 creatures vanquished

Notes
Turn   | Place    | Note
-------+----------+-------------------------------------------
     0 | D:1      | bnorton916 the Deep Elf Fire Elementalist began the quest
                  | for the Orb.
     0 | D:1      | Reached XP level 1. HP: 10/10 MP: 6/6
   108 | D:1      | Reached XP level 2. HP: 15/15 MP: 0/8
   701 | D:1      | Found Jionol's Assorted Antiques.
   728 | D:1      | Found Byin's Antique Weapon Shoppe.
   798 | D:1      | Reached XP level 3. HP: 19/19 MP: 8/10
  1106 | D:1      | Found Qatulyep's Antique Weapon Emporium.
  1164 | D:1      | Found Rufaasel's Antique Armour Boutique.
  1942 | D:2      | Reached XP level 4. HP: 18/24 MP: 8/12
  3144 | D:3      | Found a white marble altar of Elyvilon.
  3376 | D:3      | Found a faded altar of an unknown god.
  3577 | D:4      | Noticed an orc warrior
  4018 | D:4      | Noticed Menkaure
  4028 | D:4      | Killed Menkaure
  4029 | D:4      | Reached skill level 5 in Spellcasting
  4029 | D:4      | Reached skill level 5 in Fire Magic
  4029 | D:4      | Reached XP level 5. HP: 6/28 MP: 8/14
  4032 | D:4      | Slain by a water moccasin skeleton

Illustrated notes

Levels and vault maps discovered:
D:1:      dpeg_arrival_prison, layout_basic, serial_shops,
          nicolae_lakefront_shop, shop, nicolae_shop_overgrown_old_shop,
          shop_statue
D:2:      layout_rooms, grunt_ministairs_7
D:3:      layout_loops_ring, elyvilon_altar_1,
          shapermc_ecumenical_altar_mp_highgroup, kennysheep_donut,
          corexii_item_surrounded_by_moat, kennysheep_flooded_box
D:4:      layout_loops_ring, minmay_temple_entry_ruins, uniq_menkaure,
          uniq_sigmund, uniq_natasha

Skill      XL: |  1  2  3  4 |
---------------+-------------+-----
Conjurations   | 2 3 |  3.7
Spellcasting   | 4 5 |  5.4
Fire Magic     | 4 5 |  5.0
Dodging        | |  2.4
Stealth        | |  2.4

Action                   |  1- 3 |  4- 6 || total
-------------------------+-------+-------++-------
 Cast: Foxfire           |    95 |    91 ||   186
Armor: Robe              |     6 |     1 ||     7
Dodge: Dodged            |    33 |    12 ||    45
